 Dungeon Crawl Stone Soup version 0.27-a0-1065-ge809cff456 (webtiles) character file.

Game seed: 16654965744225332220

1330 leviel the Cleaver (level 8, -1/50 (64) HPs)
             Began as a Hill Orc Fighter on Apr 23, 2021.
             Slain by a scorpion (5 damage)
             ... on level 5 of the Dungeon.
             The game lasted 00:06:44 (5491 turns).

leviel the Cleaver (Hill Orc Fighter)               Turns: 5491, Time: 00:06:44

HP:   -1/50 (64)    AC: 11    Str: 26    XL:     8   Next: 60%
MP:   8/8           EV: 23    Int:  9    God:
Gold: 268           SH: 11    Dex: 10    Spells: 7/7 levels left

rFire    . . .     SeeInvis .   a - +0 war axe
rCold    . . .     Faith    .   c - +0 kite shield
rNeg     . . .     Spirit   .   b - +0 scale mail
rPois    +         Reflect  .   q - +0 helmet
rElec    .         Harm     .   o - +0 cloak
rCorr    .         Rampage  .   g - +0 pair of gloves
Will     .....                  (no boots)
Stlth    ..........             l - amulet of the acrobat
HPRegen  0.16/turn              p - ring of poison resistance
MPRegen  0.11/turn              n - +6 ring of strength

@: acrobatic, flying, heavily drained
A: no striking features
a: no special abilities


You were on level 5 of the Dungeon.
You visited 1 branch of the dungeon, and saw 6 of its levels.

You collected 268 gold pieces.

Inventory:

Hand Weapons
 a - a +0 war axe (weapon)
Missiles
 d - 2 throwing nets (quivered)
Armour
 b - a +0 scale mail (worn)
 c - a +0 kite shield (worn)
 g - a +0 pair of gloves (worn)
 o - a +0 cloak (worn)
 q - a +0 helmet (worn)
Jewellery
 f - a ring of willpower
 l - an amulet of the acrobat (around neck)
 n - a +6 ring of strength (right hand)
 p - a ring of poison resistance (left hand)
Wands
 t - a wand of flame (21)
Scrolls
 e - 4 scrolls of teleportation
 h - a scroll of noise
 i - a scroll of identify
 r - a scroll of brand weapon {unknown}
 s - a scroll of magic mapping {unknown}
Potions
 k - 4 potions of attraction
 m - a potion of resistance


   Skills:
 - Level 3.6 Fighting
 + Level 8.8 Axes
 - Level 6.9 Armour
 - Level 6.9 Shields


You had 7 spell levels left.
You didn't know any spells.
Your spell library was empty.

Dungeon Overview and Level Annotations

Branches:
Dungeon (6/15)
 Temple: D:4-7

Altars:
Xom


Message History

The wight hits you with a +0 great sword!
* * * LOW HITPOINT WARNING * * *
You feel drained.
* * * LOW HITPOINT WARNING * * *
You block the wight's attack. The iguana barely misses you.
You block the wight's attack.
Okay, then.
The wight closely misses you. You block the wight's attack.
You block the iguana's attack. The wight barely misses you.
Your surroundings suddenly seem different.
A scorpion comes into view.
You feel very buoyant.
You fly up into the air.
The scorpion stings you.
* * * LOW HITPOINT WARNING * * *
You block the scorpion's attack. The scorpion closely misses you.
You block the scorpion's attack.
There is a stone staircase leading up here.
You block the scorpion's attack.
You fly upwards.
There is a stone staircase leading down here.
You block the scorpion's attack. The scorpion closely misses you.
You block the scorpion's attack.
The scorpion stings you but does no damage.
You hit the scorpion.
The scorpion is lightly wounded.
You block the scorpion's attack.
You barely miss the scorpion.
The scorpion is lightly wounded.
The scorpion stings you but does no damage. x2
You closely miss the scorpion.
The scorpion is lightly wounded.
The scorpion stings you!
* * * LOW HITPOINT WARNING * * *
You block the scorpion's attack. You block the scorpion's attack.
You block the scorpion's attack. The scorpion stings you.
You die...

..........#.##........##.......#
...########.##.##.###....##.##.##
##.# #.##.##.# #....<....(..
##.## #.......# ########.#.##
#...# ##....### #.#.## #(..#
#.#.## #.#..#
#...########.######## #.##.#
#.........##.####...###### #.##.#
#...####.....)))@s.......# #.....
........[..#.##.#........# #.##.#
...........#.##.##.......# #.##.#
....(......#....####.....# #....#
#...#####..####.####.....# #.####
#..........####.......#### #.####
#...######.......####.# #.....
#.>.# ######..####.## #.####
#...# #..#....[#####.#


You could see a scorpion.

Vanquished Creatures
  A steam dragon (D:2)
  An ice beast (D:5)
  A necrophage (D:4)
  2 centaurs (D:6)
  A phantom (D:6)
  A bullfrog (D:6)
  2 scorpions (D:5)
  A wyvern skeleton (D:5)
  A water moccasin skeleton (D:6)
  2 hounds
  A jelly (D:4)
  An orc priest (D:3)
  A bullfrog skeleton (D:6)
  A centaur skeleton (D:6)
  A gnoll shaman (D:4)
  5 iguanas
  A hound skeleton (D:2)
  A howler monkey skeleton (D:5)
  5 adders
  4 gnolls (D:5)
  A white imp (D:6)
  3 dart slugs
  5 orcs
  6 ball pythons
  5 endoplasms
  A giant cockroach (D:1)
  A goblin (D:3)
  5 hobgoblins
  2 jackals (D:3)
  7 kobolds
  3 quokkas
  4 bats
  6 frilled lizards
  3 rats
86 creatures vanquished.

Notes
Turn   | Place    | Note
-------+----------+-------------------------------------------
     0 | D:1      | leviel the Hill Orc Fighter began the quest for the Orb.
     0 | D:1      | Reached XP level 1. HP: 19/19 MP: 1/1
   250 | D:1      | Reached XP level 2. HP: 25/26 MP: 2/2
   544 | D:1      | Found a faded altar of an unknown god.
   754 | D:2      | Reached XP level 3. HP: 31/31 MP: 3/3
  1406 | D:2      | Noticed a steam dragon
  1412 | D:2      | Killed a steam dragon
  1413 | D:2      | Reached skill level 5 in Armour
  1413 | D:2      | Reached skill level 5 in Shields
  1413 | D:2      | Reached XP level 4. HP: 6/39 MP: 4/4
  1413 | D:2      | Reached XP level 5. HP: 7/45 MP: 5/5
  1885 | D:3      | Reached XP level 6. HP: 51/51 MP: 6/6
  2699 | D:3      | Found a shimmering altar of Xom.
  2954 | D:4      | Noticed a necrophage
  2994 | D:4      | Killed a necrophage
  3148 | D:4      | Reached XP level 7. HP: 34/57 MP: 7/7
  3932 | D:5      | Entered Level 5 of the Dungeon
  4248 | D:5      | Reached skill level 3 in Axes
  4253 | D:5      | Reached skill level 4 in Axes
  4605 | D:5      | Reached skill level 5 in Axes
  4605 | D:5      | Reached XP level 8. HP: 64/64 MP: 8/8
  4694 | D:5      | Reached skill level 6 in Axes
  5030 | D:6      | Reached skill level 7 in Axes
  5225 | D:6      | Reached skill level 8 in Axes
  5491 | D:5      | Slain by a scorpion

Illustrated notes

Levels and vault maps discovered:
D:1:      minmay_arrival_split_and_join, layout_basic,
          ebering_ecumenical_altar_petrified
D:2:      layout_loops_ring
D:3:      layout_basic, xom_teletrap_fun, grunt_ministairs_3
D:4:      layout_rooms, minmay_crystal_room, hangedman_decor_opposing,
          kennysheep_generic_room_4
D:5:      layout_loops_cross
D:6:      layout_layer_cave, lemuel_tele_altar, grunt_decor_cap

Skill      XL: |  1  2  3  4  5  6  7  8 |
---------------+-------------------------+-----
Armour         | 4 5 6 |  6.9
Shields        | 4 5 6 |  6.9
Axes           | 5 8 |  8.8
Fighting       | |  3.6

Action                   |  1- 3 |  4- 6 |  7- 9 || total
-------------------------+-------+-------+-------++-------
Melee: War axe           |    89 |    77 |   172 ||   338
  Use: Potion            |     1 |     2 |     4 ||     7
       Scroll            |       |     6 |     1 ||     7
Armor: Scale mail        |    66 |    39 |    85 ||   190
Dodge: Dodged            |    35 |    20 |    83 ||   138
Block: Kite shield       |    53 |    48 |   144 ||   245

Table legend: (Time is in decaauts)
 A = Elapsed time spent in this place.
 B = Non-inter-level travel time spent in this place.
 C = Inter-level travel time spent in this place.
 D = Time resting spent in this place.
 E = Time spent auto-exploring this place.
 F = Levels seen in this place.
 G = Mean time per level.
                   A        B        C        D        E       F      G
               +--------+--------+--------+--------+--------+-----+--------+
         Total |   5657 |   5535 |    122 |   1248 |   3347 |   6 |  942.8 |
       Dungeon |   5657 |   5535 |    122 |   1248 |   3347 |   6 |  942.8 |
               +--------+--------+--------+--------+--------+-----+--------+

Top non-repeatable levels by time:
     D:4: 1148 daAuts
     D:3: 1113 daAuts
     D:5: 1066 daAuts
     D:2: 1052 daAuts
     D:1: 741 daAuts
     D:6: 535 daAuts
